 Dungeon Crawl Stone Soup version 0.28-a0-1518-gbe868bca14 (webtiles) character file.

Game seed: 17372296623297534600

7736 knot the Cleaver (level 11, 68/75 HPs)
             Began as a Demonspawn Berserker on Jan 16, 2022.
             Was an Elder of Trog.
             Quit the game on level 9 of the Dungeon.
             The game lasted 00:18:04 (10866 turns).

knot the Cleaver (Demonspawn Berserker)            Turns: 10866, Time: 00:18:05

Health: 68/75      AC: 22    Str: 18    XL:     11   Next: 0%
Magic:  11/11      EV: 10    Int: 12    God:    Trog [****..]
Gold:   428        SH:  0    Dex: 13    Spells: 10/10 levels left

rFire   . . .      SeeInvis .   B - +2 battleaxe (protect)
rCold   . . .      Faith    .   (shield currently unavailable)
rNeg    . . .      Spirit   .   F - +4 scale mail
rPois   +          Reflect  .   o - +0 helmet
rElec   .          Harm     .   (no cloak)
rCorr   .          Rampage  .   j - +2 pair of gloves
Will    .....                   i - +0 pair of boots
Stlth   ..........              g - amulet of regeneration
HPRegen 2.02/turn               n - ring of poison resistance
MPRegen 0.12/turn               y - +4 ring of slaying

@: under a protective aura
A: powered by death 3, demonic magic 1, weakness stinger 2
a: Renounce Religion, Berserk, Trog's Hand, Brothers in Arms


You were on level 9 of the Dungeon.
You worshipped Trog.
Trog was greatly pleased with you.
You visited 1 branch of the dungeon, and saw 9 of its levels.
You also visited: Bailey.

You collected 428 gold pieces.

Inventory:

Hand Weapons
 v - a +0 war axe
 B - a +2 battleaxe of protection (weapon)
 G - a +2 halberd of electrocution
Missiles
 a - 34 poisoned darts (quivered)
 b - 6 javelins
 d - 77 sling bullets
 e - 133 stones
 l - 6 boomerangs
 C - 10 curare-tipped darts
Armour
 i - a +0 pair of boots (worn)
 j - a +2 pair of gloves (worn)
 o - a +0 helmet (worn)
 p - a +0 leather armour of fire resistance
 A - a +1 ring mail of cold resistance
 F - a +4 scale mail (worn)
 L - a +4 chain mail
Jewellery
 g - an amulet of regeneration (around neck)
 n - a ring of poison resistance (left hand)
 y - a +4 ring of slaying (right hand)
Wands
 h - a wand of flame (23)
 I - a wand of iceblast (13)
 K - a wand of paralysis (8)
Scrolls
 f - 2 scrolls of blinking
 k - a scroll of torment
 q - 3 scrolls of enchant armour
 u - a scroll of silence
 w - 2 scrolls of teleportation
 J - 2 scrolls of magic mapping
Potions
 c - 4 potions of curing
 m - 4 potions of haste
 r - a potion of resistance {unknown}
 s - 5 potions of might {unknown}
 t - a potion of flight {unknown}
 x - 3 potions of heal wounds {unknown}
 z - 2 potions of cancellation {unknown}
 D - a potion of invisibility
 E - a potion of experience {unknown}
 H - a potion of brilliance {unknown}


   Skills:
 - Level 3.0 Fighting
 * Level 12.8 Axes
 * Level 9.3 Throwing
 - Level 1.7 Armour
 - Level 1.7 Dodging


You had 10 spell levels left.
You didn't know any spells.
Your spell library contained the following spells:

 Spells                   Type           Power      Damage    Failure   Level
 Animate Skeleton         Necr           0%         N/A       71%         1
 Magic Dart               Conj           0%         1d3       71%         1
 Pain                     Necr           0%         1d4       71%         1
 Shock                    Conj/Air       0%         1d3       71%         1
 Ensorcelled Hibernation  Hex/Ice        0%         N/A       85%         2
 Passwall                 Tmut/Erth      0%         N/A       85%         2
 Searing Ray              Conj           0%         2d4       85%         2
 Portal Projectile        Hex/Tloc       0%         N/A       97%         3
 Swiftness                Air            0%         N/A       97%         3
 Vampiric Draining        Necr           0%         2d6       97%         3
 Airstrike                Air            0%         N/A       100%        4
 Fulminant Prism          Conj/Hex       0%         3d6       100%        4
 Summon Lightning Spire   Summ/Air       0%         N/A       100%        4
 Blade Hands              Tmut           0%         N/A       100%        5
 Excruciating Wounds      Necr           0%         N/A       100%        5
 Lightning Bolt           Conj/Air       0%         1d11      100%        5
 Dispersal                Tloc           0%         N/A       100%        6
 Disjunction              Tloc           0%         N/A       100%        8


Dungeon Overview and Level Annotations

Branches:
Dungeon (9/15)             Temple (0/1) D:6            Lair (0/6) D:8
 Bailey (visited)
    Orc: D:9-12

Altars:

Annotations:
D:9 1 runed translucent door


Innate Abilities, Weirdness & Mutations

You regenerate a lot of health from kills.
Spells you cast may paralyse adjacent enemies.
You have a tail ending in a sharp stinger.


Message History

The centaur warrior zombie kicks you but does no damage.
You slash the centaur warrior zombie!
You tail-slap the centaur warrior zombie.
The centaur warrior zombie is severely damaged.
The centaur warrior zombie hits you!
The centaur warrior zombie kicks you but does no damage.
The centaur warrior zombie hits you but does no damage.
The centaur warrior zombie kicks you but does no damage.
You slice the centaur warrior zombie!!
You destroy the centaur warrior zombie!
Trog accepts your kill.
No target in view!
There is an open door here.
There is an open door here.
You see here a +3 leather armour.
A meliai comes into view. It is wielding a +0 hand axe.
The meliai buzzes angrily.
A meliai is nearby!
The meliai hits you but does no damage. The meliai stings you.
The meliai hits you with a +0 hand axe. The meliai misses you.
You slash the meliai!
Your weapon exudes an aura of protection.
Your tail-slap misses the meliai.
The meliai is heavily wounded.
The meliai closely misses you.
The meliai stings you but does no damage.
The meliai hits you but does no damage.
The meliai stings you but does no damage.
The meliai hits you but does no damage. The meliai completely misses you.
You barely miss the meliai. You tail-slap the meliai!
The meliai is severely wounded.
The meliai completely misses you. The meliai stings you.
The meliai hits you but does no damage. The meliai barely misses you.
You slash the meliai!
You kill the meliai!
Trog accepts your kill.
You have reached level 11!
Your demonic ancestry asserts itself...
A menacing aura infuses your magic.
Are you sure you want to abandon this character and quit the game? (Confirm with "yes".)

## ####...#######....)).......
.## #........##...#.#.#)#.#.#.#
..## #.###.##.##<#..............
...## #...#.##.##..#.#.#.#.#.#.#.
....###.....##.##................
....'.............#.#.#.#.#.#.#.#
....###....###.#.................
...## #.[.####.#)#.#.#.#.#.#.#.#.
..## #........#@........ .....
.## ##.######.#.#.#.#.#.#.#.#.#
## #.# ##................. ## #.#
#.#.#.#.#.#.#.#.#. .# #.#
##................ <# #.#
#.#.#.#.#.#.#.#.# .## #.#
##............... ..## #.#
#.#†#†#.#.#.#.#. ...# #.#
#...............


There were no monsters in sight!

Vanquished Creatures
  2 two-headed ogres
  Pikel (D:7)
  A centaur zombie (D:9)
  A meliai (D:9)
  Grinder (D:4)
  2 hornets (D:9)
  3 slime creatures (D:8)
  Sigmund (D:2)
  A wyvern (D:8)
  A steam dragon (D:9)
  A vampire mosquito (D:9)
  Edmund (D:6)
  2 water moccasins
  4 ice beasts
  3 orc warriors
  A black bear (D:6)
  2 sky beasts (D:6)
  A necrophage (D:5)
  5 centaurs
  An ogre (D:6)
  A lemure (D:7)
  3 kobold brigands
  3 scorpions
  A wyvern zombie (D:6)
  2 bullfrogs
  2 water moccasin zombies
  5 howler monkeys
  A wight (D:8)
  2 bullfrog zombies (D:6)
  A hound (D:4)
  3 jellies
  2 bullfrog skeletons (D:4)
  8 orc priests
  2 centaur skeletons (D:7)
  Ijyb (D:5)
  7 iguanas
  3 orc wizards
  A scorpion zombie (D:5)
  2 killer bee zombies
  2 hound zombies (D:5)
  8 gnolls (Bailey)
  8 adders
  A howler monkey skeleton (D:6)
  An adder skeleton (D:4)
  A worm (D:3)
  A dart slug (D:2)
  36 orcs
  8 ball pythons
  3 bats
  5 endoplasms
  2 giant cockroaches
  10 goblins
  3 hobgoblins
  3 jackals (D:1)
  25 kobolds
  3 quokkas
  A frilled lizard (D:1)
  3 rats
209 creatures vanquished.

Notes
Turn   | Place    | Note
-------+----------+-------------------------------------------
     0 | D:1      | knot the Demonspawn Berserker began the quest for the Orb.
     0 | D:1      | Reached XP level 1. HP: 18/18 MP: 1/1
   128 | D:1      | Reached skill level 3 in Axes
   470 | D:1      | Gained mutation: You regenerate a little health from kills.
                  | [demonic ancestry]
   470 | D:1      | Reached XP level 2. HP: 21/24 MP: 2/2
  1536 | D:1      | Gained mutation: You regenerate health from kills. [demonic
                  | ancestry]
  1536 | D:1      | Reached XP level 3. HP: 29/29 MP: 3/3
  1895 | D:2      | Found a faded altar of an unknown god.
  1924 | D:2      | Noticed Sigmund
  1932 | D:2      | Killed Sigmund
  1933 | D:2      | Reached skill level 5 in Axes
  1933 | D:2      | Gained mutation: You have a small tail. [demonic ancestry]
  1933 | D:2      | Reached XP level 4. HP: 35/35 MP: 4/4
  1933 | D:2      | Reached XP level 5. HP: 41/41 MP: 5/5
  3120 | D:3      | Reached skill level 6 in Axes
  3220 | D:3      | Reached ** piety under Trog
  3649 | D:3      | Gained mutation: You have a tail ending in a sharp stinger.
                  | [demonic ancestry]
  3649 | D:3      | Reached XP level 6. HP: 47/47 MP: 6/6
  3746 | D:4      | Noticed Grinder
  3759 | D:4      | Killed Grinder
  3760 | D:4      | Reached skill level 7 in Axes
  3959 | D:4      | Gained mutation: You regenerate a lot of health from kills.
                  | [demonic ancestry]
  3959 | D:4      | Reached XP level 7. HP: 52/52 MP: 7/7
  4505 | D:5      | Entered Level 5 of the Dungeon
  4518 | D:5      | Reached skill level 8 in Axes
  4768 | D:5      | Noticed Ijyb
  4774 | D:5      | Reached skill level 9 in Axes
  4774 | D:5      | Reached XP level 8. HP: 58/58 MP: 8/8
  4949 | D:5      | Reached skill level 1 in Throwing
  4974 | D:5      | Killed Ijyb
  5962 | D:6      | Reached *** piety under Trog
  6112 | D:6      | Reached skill level 10 in Axes
  6135 | D:6      | Reached XP level 9. HP: 39/63 MP: 9/9
  6449 | D:6      | Found a staircase to the Ecumenical Temple.
  6609 | D:6      | Noticed Edmund
  6619 | D:6      | Killed Edmund
  6620 | D:6      | Reached skill level 5 in Throwing
  7704 | D:7      | Reached skill level 11 in Axes
  7972 | D:7      | Noticed Pikel
  7982 | D:7      | Killed Pikel
  8679 | D:8      | Found a flagged portal.
  8699 | Bailey   | Entered a bailey
  8967 | Bailey   | Reached XP level 10. HP: 49/67 MP: 10/10
  9381 | Bailey   | Reached **** piety under Trog
 10007 | D:8      | Noticed a centaur warrior
 10010 | D:8      | Noticed a two-headed ogre
 10016 | D:8      | Killed a two-headed ogre
 10017 | D:8      | Reached skill level 12 in Axes
 10340 | D:8      | Found a staircase to the Lair.
 10529 | D:9      | Noticed a two-headed ogre
 10538 | D:9      | Killed a two-headed ogre
 10608 | D:9      | Found a runed translucent door.
 10866 | D:9      | Gained mutation: Spells you cast may paralyse adjacent
                  | enemies. [demonic ancestry]
 10866 | D:9      | Reached XP level 11. HP: 68/75 MP: 11/11
 10866 | D:9      | Quit the game

Illustrated notes

Levels and vault maps discovered:
D:1:      dpeg_arrival_rhombus, layout_basic, minmay_stone_trees_medium
D:2:      layout_basic, chequers_ecumenical_altar_lobes, uniq_sigmund
D:3:      layout_basic
D:4:      layout_cave_pools, minmay_misc_feat_ornament, uniq_grinder
D:5:      layout_cave_pools, serial_rivers, chequers_serial_rivers_room_a,
          chequers_serial_rivers_room_a, chequers_serial_rivers_marsh,
          chequers_serial_rivers_micro_a, chequers_serial_rivers_micro_b,
          chequers_serial_rivers_marsh, minmay_misc_feat_chi, uniq_ijyb
D:6:      minmay_octagon_keep, layout_loops_corners,
          minmay_temple_entry_statues_fountains, serial_glass, glass_columns_c,
          glass_columns_b, glass_columns_a, glass_columns_a, uniq_edmund
D:7:      layout_layer_cave, kennysheep_small_circle, uniq_pikel
D:8:      layout_gridville, lair_entry_dummy, enter_bailey_3, wad_dig_loot
D:9:      lemuel_flame_loot_2, layout_loops_corners, nzn_makhleb_speed_demon,
          hex_large, minmay_checkerbox

Skill      XL: |  1  2  3  4  5  6  7  8  9 10 |
---------------+-------------------------------+-----
Axes           | 3 5 6 7 9 10 11 12 | 12.8
Throwing       | 4 7 9 |  9.3
Fighting       | |  3.0
Armour         | |  1.7
Dodging        | |  1.7

Action                   |  1- 3 |  4- 6 |  7- 9 | 10-12 || total
-------------------------+-------+-------+-------+-------++-------
Melee: Hand axe          |    89 |   120 |    72 |       ||   281
       Punch             |     1 |     1 |     2 |       ||     4
       Tailslap          |       |    19 |    58 |    23 ||   100
       War axe           |       |       |   180 |       ||   180
       Battleaxe         |       |       |    81 |   134 ||   215
Throw: Boomerang         |       |       |    12 |     2 ||    14
       Dart              |       |       |     2 |    20 ||    22
       Javelin           |       |       |     2 |       ||     2
Invok: Berserk           |     3 |     1 |     6 |     4 ||    14
  Use: Scroll            |       |       |    12 |       ||    12
       Potion            |       |       |     1 |     1 ||     2
 Stab: Sleeping          |     3 |     2 |       |       ||     5
       Distracted        |       |     1 |       |       ||     1
Armor: Animal skin       |    16 |    29 |       |       ||    45
       Leather armour    |       |       |    87 |       ||    87
       Ring mail         |       |       |    65 |    17 ||    82
       Scale mail        |       |       |       |    59 ||    59
Dodge: Dodged            |    70 |    67 |   167 |    96 ||   400

Table legend: (Time is in decaauts)
 A = Elapsed time spent in this place.
 B = Non-inter-level travel time spent in this place.
 C = Inter-level travel time spent in this place.
 D = Time resting spent in this place.
 E = Time spent auto-exploring this place.
 F = Levels seen in this place.
 G = Mean time per level.
                   A        B        C        D        E       F      G
               +--------+--------+--------+--------+--------+-----+--------+
         Total |  11030 |  10691 |    339 |   2449 |   6610 |  10 | 1103.0 |
       Dungeon |  10037 |   9698 |    339 |   1932 |   6340 |   9 | 1115.2 |
        Bailey |    992 |    992 |      0 |    516 |    270 |   1 |  992.0 |
               +--------+--------+--------+--------+--------+-----+--------+

Top non-repeatable levels by time:
     D:1: 1717 daAuts
     D:7: 1660 daAuts
     D:6: 1642 daAuts
     D:2: 1221 daAuts
  Bailey: 992 daAuts
     D:5: 917 daAuts
     D:4: 910 daAuts
     D:3: 870 daAuts
     D:8: 748 daAuts
     D:9: 349 daAuts
